AAA
TUCSON TOROS @ DES PLAINES GOLDEN HEROES
04/14/2060
 
TOP OF THE 1ST
Flagstaff Flyers batting - Pitching for Vancouver Thunderbirds : RHP Marlon Jaynes
Pitching: RHP Marlon Jaynes
Batting: LHB Jayden Sigmon 0-0: Bunted foul
0-1: DOUBLE (Groundball, 3L, EV 103.1 MPH)
Batting: RHB Dalton Banks 0-0: Swinging Strike
0-1: Swinging Strike
0-2: Foul Ball, location: 2F
0-2: Ball
1-2: Strikes out swinging
Batting: SHB Josiah Swallow 0-0: Ball
1-0: Ball
2-0: Ground out U3 (Groundball, 34, EV 92.5 MPH)
Jayden Sigmon to third
Batting: SHB Joel Elvidge 0-0: Ball
1-0: Foul Ball, location: 2F
1-1: Hit by Pitch
Batting: LHB Shawn Tuttle 0-0: Ball
1-0: Ground out 4-3 (Groundball, 4, EV 83.1 MPH)
Top of the 1st over - 0 runs, 1 hit, 0 errors, 2 left on base; Flagstaff 0 - Vancouver 0
BOTTOM OF THE 1ST
Vancouver Thunderbirds batting - Pitching for Flagstaff Flyers : RHP Carlo Sanford
Pitching: RHP Carlo Sanford
Batting: LHB Emmanuel Thorn 0-0: Called Strike
0-1: Swinging Strike
0-2: Ball
1-2: Ground out U3 (Groundball, 3L, EV 85.0 MPH)
Batting: LHB Randy Logan 0-0: Fly out, F7 (Line Drive, 7, EV 92.5 MPH)
Batting: RHB Alan West 0-0: Ball
1-0: Ball
2-0: Called Strike
2-1: Ball
3-1: Foul Ball, location: 2F
3-2: Base on Balls
Batting: SHB Kyle O'Brien 0-0: Ball
1-0: Foul Ball, location: 2F
1-1: Foul Ball, location: 2F
1-2: Ball
2-2: Fly out, F8 (Flyball, 8LD, EV 96.2 MPH)
Bottom of the 1st over - 0 runs, 0 hits, 0 errors, 1 left on base; Flagstaff 0 - Vancouver 0
TOP OF THE 2ND
Flagstaff Flyers batting - Pitching for Vancouver Thunderbirds : RHP Marlon Jaynes
Batting: LHB Preston Hardcastle 0-0: Called Strike
0-1: Swinging Strike
0-2: Ball
1-2: Strikes out swinging
Batting: LHB Will Harper 0-0: Called Strike
0-1: Foul Ball, location: 2F
0-2: Foul Ball, location: 2F
0-2: Ball
1-2: Ball
2-2: Ground out 6-3 (Groundball, 6, EV 91.2 MPH)
Batting: RHB Micah Elliott 0-0: Called Strike
0-1: Ball
1-1: SINGLE (Line Drive, 34D, EV 95.6 MPH)
Batting: RHB Scott McDonald 0-0: Foul Ball, location: 2F
0-1: Foul Ball, location: 2F
0-2: Ball
1-2: Strikes out swinging
Top of the 2nd over - 0 runs, 1 hit, 0 errors, 1 left on base; Flagstaff 0 - Vancouver 0
BOTTOM OF THE 2ND
Vancouver Thunderbirds batting - Pitching for Flagstaff Flyers : RHP Carlo Sanford
Batting: RHB Sean Prock 0-0: Swinging Strike
0-1: Ground out 5-3 (Groundball, 56, EV 87.5 MPH)
Batting: LHB Colton Constable 0-0: Ball
1-0: Foul Ball, location: 2F
1-1: Ball
2-1: Ball
3-1: Ground out U3 (Groundball, 34S, EV 80.0 MPH)
Batting: LHB Damien Sidamon 0-0: Foul Ball, location: 2F
0-1: Foul Ball, location: 2F
0-2: Ball
1-2: Strikes out swinging
Bottom of the 2nd over - 0 runs, 0 hits, 0 errors, 0 left on base; Flagstaff 0 - Vancouver 0
TOP OF THE 3RD
Flagstaff Flyers batting - Pitching for Vancouver Thunderbirds : RHP Marlon Jaynes
Batting: LHB Jayden Sigmon 0-0: Fly out, F8 (Flyball, 8RM, EV 86.2 MPH)
Batting: RHB Dalton Banks 0-0: Ball
1-0: Ball
2-0: Called Strike
2-1: Ball
3-1: SINGLE (Flyball, 9LS, EV 95.6 MPH)
Batting: SHB Josiah Swallow 0-0: Ball
1-0: Ball
2-0: Ball
3-0: Base on Balls
Dalton Banks to second
Batting: SHB Joel Elvidge 0-0: Called Strike
0-1: Ball
1-1: Grounds into double play, 5-4-3 (Groundball, 56S, EV 85.0 MPH)
Top of the 3rd over - 0 runs, 1 hit, 0 errors, 1 left on base; Flagstaff 0 - Vancouver 0
BOTTOM OF THE 3RD
Vancouver Thunderbirds batting - Pitching for Flagstaff Flyers : RHP Carlo Sanford
Batting: RHB Andrew Stejskal 0-0: Ball
1-0: Ground out 6-3 (Groundball, 6MS, EV 65.6 MPH)
Batting: RHB Cole Jordan 0-0: Ball
1-0: Foul Ball, location: 2F
1-1: Foul Ball, location: 2F
1-2: Strikes out swinging
Batting: LHB Emmanuel Thorn 0-0: Called Strike
0-1: Fly out, F8 (Flyball, 8LS, EV 73.8 MPH)
Bottom of the 3rd over - 0 runs, 0 hits, 0 errors, 0 left on base; Flagstaff 0 - Vancouver 0
TOP OF THE 4TH
Flagstaff Flyers batting - Pitching for Vancouver Thunderbirds : RHP Marlon Jaynes
Batting: LHB Shawn Tuttle 0-0: DOUBLE (Line Drive, 7LS, EV 111.9 MPH)
Batting: LHB Preston Hardcastle 0-0: Called Strike
0-1: Foul Ball, location: 2F
0-2: Strikes out swinging
Batting: LHB Will Harper 0-0: Ball
1-0: Ball
2-0: Called Strike
2-1: Foul Ball, location: 2F
2-2: Fly out, F6 (Popup, 6, EV 62.5 MPH)
Batting: RHB Micah Elliott 0-0: Ball
1-0: Called Strike
1-1: Swinging Strike
1-2: Strikes out swinging
Top of the 4th over - 0 runs, 1 hit, 0 errors, 1 left on base; Flagstaff 0 - Vancouver 0
BOTTOM OF THE 4TH
Vancouver Thunderbirds batting - Pitching for Flagstaff Flyers : RHP Carlo Sanford
Batting: LHB Randy Logan 0-0: Ball
1-0: Foul Ball, location: 2F
1-1: Ball
2-1: Ball
3-1: Ground out 4-3 (Groundball, 13, EV 89.4 MPH)
Batting: RHB Alan West 0-0: Foul Ball, location: 2F
0-1: Ground out 4-3 (Groundball, 4, EV 83.8 MPH)
Batting: SHB Kyle O'Brien 0-0: SOLO HOME RUN (Flyball, 78XD, EV 106.9 MPH), Distance : 406 ft
Batting: RHB Sean Prock 0-0: Swinging Strike
0-1: Ball
1-1: Ball
2-1: Called Strike
2-2: Ball
3-2: Strikes out looking
Bottom of the 4th over - 1 run, 1 hit, 0 errors, 0 left on base; Flagstaff 0 - Vancouver 1
TOP OF THE 5TH
Flagstaff Flyers batting - Pitching for Vancouver Thunderbirds : RHP Marlon Jaynes
Batting: RHB Scott McDonald 0-0: Ball
1-0: Ball
2-0: Ball
3-0: Base on Balls
Batting: LHB Jayden Sigmon 0-0: Sac Bunt to 3S - play at first, batter OUT! 3-1
Scott McDonald to second
Batting: RHB Dalton Banks 0-0: Ball
1-0: Ground out 6-3 (Groundball, 6, EV 78.1 MPH)
Batting: SHB Josiah Swallow 0-0: 2-RUN HOME RUN (Flyball, 9D, EV 95.6 MPH), Distance : 350 ft
Batting: SHB Joel Elvidge 0-0: Ball
1-0: Foul Ball, location: 2F
1-1: Foul Ball, location: 2F
1-2: Ball
2-2: Foul Ball, location: 2F
2-2: Foul Ball, location: 2F
2-2: Foul Ball, location: 2F
2-2: Fly out, F8 (Flyball, 8LXD, EV 95.6 MPH)
Top of the 5th over - 2 runs, 1 hit, 0 errors, 0 left on base; Flagstaff 2 - Vancouver 1
BOTTOM OF THE 5TH
Vancouver Thunderbirds batting - Pitching for Flagstaff Flyers : RHP Carlo Sanford
Batting: LHB Colton Constable 0-0: Called Strike
0-1: Ground out 1-3 (Groundball, P, EV 66.9 MPH)
Batting: LHB Damien Sidamon 0-0: Ball
1-0: Foul Ball, location: 2F
1-1: Called Strike
1-2: Ground out 4-3 (Groundball, 34D, EV 100.0 MPH)
Batting: RHB Andrew Stejskal 0-0: Ball
1-0: Called Strike
1-1: Ball
2-1: Fly out, F9 (Flyball, 9S, EV 88.1 MPH)
Bottom of the 5th over - 0 runs, 0 hits, 0 errors, 0 left on base; Flagstaff 2 - Vancouver 1
TOP OF THE 6TH
Flagstaff Flyers batting - Pitching for Vancouver Thunderbirds : RHP Marlon Jaynes
Batting: LHB Shawn Tuttle 0-0: Called Strike
0-1: Fly out, F9 (Flyball, 89D, EV 89.4 MPH)
Batting: LHB Preston Hardcastle 0-0: Ball
1-0: Foul Ball, location: 2F
1-1: Called Strike
1-2: Fly out, F5 (Popup, 56S, EV 75.6 MPH)
Batting: LHB Will Harper 0-0: Called Strike
0-1: Swinging Strike
0-2: Ball
1-2: Strikes out looking
Top of the 6th over - 0 runs, 0 hits, 0 errors, 0 left on base; Flagstaff 2 - Vancouver 1
BOTTOM OF THE 6TH
Vancouver Thunderbirds batting - Pitching for Flagstaff Flyers : RHP Carlo Sanford
Batting: RHB Cole Jordan 0-0: Ball
1-0: Called Strike
1-1: Swinging Strike
1-2: Fly out, F8 (Line Drive, 78M, EV 100.0 MPH)
Batting: LHB Emmanuel Thorn 0-0: Called Strike
0-1: Ball
1-1: Ground out 6-3 (Groundball, 6, EV 83.8 MPH)
Batting: LHB Randy Logan 0-0: Ball
1-0: Called Strike
1-1: Foul Ball, location: 2F
1-2: Fly out, F7 (Flyball, 7, EV 88.1 MPH)
Bottom of the 6th over - 0 runs, 0 hits, 0 errors, 0 left on base; Flagstaff 2 - Vancouver 1
TOP OF THE 7TH
Flagstaff Flyers batting - Pitching for Vancouver Thunderbirds : RHP Marlon Jaynes
Batting: RHB Micah Elliott 0-0: Called Strike
0-1: Called Strike
0-2: Ball
1-2: Ball
2-2: Ball
3-2: Strikes out swinging
Batting: RHB Scott McDonald 0-0: DOUBLE (Line Drive, 9LM, EV 108.1 MPH)
Batting: LHB Jayden Sigmon 0-0: Ball
1-0: Called Strike
1-1: Swinging Strike
1-2: Foul Ball, location: 2F
1-2: Foul Ball, location: 2F
1-2: Foul Ball, location: 2F
1-2: Ball
Wild Pitch!
Scott McDonald to third
2-2: Ball
3-2: Foul Ball, location: 2F
3-2: Base on Balls
Batting: RHB Dalton Banks 0-0: Foul Ball, location: 2F
0-1: Ball
Jayden Sigmon is caught stealing 2nd base 2-4
1-1: Ball
2-1: Swinging Strike
2-2: Ball
3-2: Base on Balls
Pitching: RHP Dantiel Matta
Batting: SHB Josiah Swallow 0-0: 3-RUN HOME RUN (Flyball, 9D, EV 97.5 MPH), Distance : 366 ft
Batting: SHB Joel Elvidge 0-0: Ball
1-0: Ball
2-0: Ball
3-0: Called Strike
3-1: Called Strike
3-2: Strikes out swinging
Top of the 7th over - 3 runs, 2 hits, 0 errors, 0 left on base; Flagstaff 5 - Vancouver 1
BOTTOM OF THE 7TH
Vancouver Thunderbirds batting - Pitching for Flagstaff Flyers : RHP Carlo Sanford
Batting: RHB Alan West 0-0: DOUBLE (Groundball, 5L, EV 96.2 MPH)
Batting: SHB Kyle O'Brien 0-0: Called Strike
0-1: Swinging Strike
0-2: Ball
1-2: Ball
2-2: Fly out, F7 (Flyball, 7S, EV 88.8 MPH)
Batting: RHB Sean Prock 0-0: Called Strike
0-1: Ball
1-1: Called Strike
1-2: Strikes out swinging
Batting: LHB Colton Constable 0-0: Foul Ball, location: 2F
0-1: Ball
1-1: Called Strike
1-2: Strikes out swinging
Bottom of the 7th over - 0 runs, 1 hit, 0 errors, 1 left on base; Flagstaff 5 - Vancouver 1
TOP OF THE 8TH
Flagstaff Flyers batting - Pitching for Vancouver Thunderbirds : RHP Dantiel Matta
Batting: LHB Shawn Tuttle 0-0: Ball
1-0: Fly out, F4 (Popup, 34D, EV 51.2 MPH)
Batting: LHB Preston Hardcastle 0-0: Fly out, F7 (Flyball, 7, EV 89.4 MPH)
Batting: LHB Will Harper 0-0: Ball
1-0: Ball
2-0: Ball
3-0: Called Strike
3-1: Base on Balls
Batting: RHB Micah Elliott 0-0: Swinging Strike
0-1: Swinging Strike
0-2: Foul Ball, location: 2F
0-2: Ball
1-2: Strikes out swinging
Top of the 8th over - 0 runs, 0 hits, 0 errors, 1 left on base; Flagstaff 5 - Vancouver 1
BOTTOM OF THE 8TH
Vancouver Thunderbirds batting - Pitching for Flagstaff Flyers : RHP Carlo Sanford
Batting: LHB Damien Sidamon 0-0: SINGLE (Flyball, 8LS, EV 88.1 MPH)
Batting: RHB Andrew Stejskal 0-0: Swinging Strike
0-1: Ball
1-1: SINGLE (Line Drive, 89S, EV 105.0 MPH)
Damien Sidamon to second
Batting: RHB Cole Jordan 0-0: Grounds into double play, 5-4-3 (Groundball, 56S, EV 90.0 MPH)
Damien Sidamon to third
Batting: LHB Emmanuel Thorn 0-0: Ball
1-0: Foul Ball, location: 2F
1-1: Ball
2-1: SINGLE (Groundball, 4MD, EV 101.9 MPH)
Damien Sidamon scores
Pitching: LHP Ike Shaddock
Now at 1B: Cliff Passarelli
Now in LF: Jayden Sigmon
Now in CF: Bailey Ray
Batting: LHB Randy Logan 0-0: Foul Ball, location: 2F
0-1: Ball
1-1: Ball
2-1: Ball
3-1: Called Strike
3-2: Ground out 4-3 (Groundball, 34, EV 109.4 MPH)
Bottom of the 8th over - 1 run, 3 hits, 0 errors, 1 left on base; Flagstaff 5 - Vancouver 2
TOP OF THE 9TH
Flagstaff Flyers batting - Pitching for Vancouver Thunderbirds : RHP Dantiel Matta
Batting: RHB Scott McDonald 0-0: Ball
1-0: Swinging Strike
1-1: Called Strike
1-2: Strikes out looking
Batting: LHB Jayden Sigmon 0-0: Swinging Strike
0-1: Swinging Strike
0-2: Strikes out swinging
Batting: RHB Dalton Banks 0-0: Called Strike
0-1: Foul Ball, location: 2F
0-2: Ball
1-2: Ball
2-2: Strikes out swinging
Top of the 9th over - 0 runs, 0 hits, 0 errors, 0 left on base; Flagstaff 5 - Vancouver 2
BOTTOM OF THE 9TH
Vancouver Thunderbirds batting - Pitching for Flagstaff Flyers : LHP Ike Shaddock
Pitching: RHP Gregg Rich
Batting: RHB Alan West 0-0: Swinging Strike
0-1: Foul Ball, location: 2F
0-2: Strikes out looking
Batting: SHB Kyle O'Brien 0-0: Ball
1-0: Called Strike
1-1: SINGLE (Groundball, 6MD, EV 98.8 MPH)
Batting: RHB Sean Prock 0-0: Fielders Choice at 2nd, 1-6 (Groundball, 13S, EV 73.1 MPH)
Batting: LHB Colton Constable 0-0: Ball
1-0: Called Strike
1-1: DOUBLE (Line Drive, 7LM, EV 96.2 MPH)
Sean Prock to third
Batting: LHB Damien Sidamon 0-0: Ball
1-0: Swinging Strike
1-1: Ground out 1-3 (Groundball, 15S, EV 68.1 MPH)
Bottom of the 9th over - 0 runs, 2 hits, 0 errors, 2 left on base; Flagstaff 5 - Vancouver 2
Saturday, April 27th , 2024 - OOTP Baseball 23.10 Build 110